[Event "Titled Tuesday Blitz April 26 Late 2022"]
[White "Grischuk, Alexander"]
[Black "Mikhailov, Viacheslav"]
[WhiteFideId "4126025"]
[BlackFideId "4187369"]
[WhiteElo "2762"]
[BlackElo "2381"]
[Result "1-0"]
[Round "05"]
[TimeControl "180+1"]
[Date "2022.04.26"]
[WhiteClock "0:01:55"]
[BlackClock "0:00:35"]

1. d4 c5 2. d5 e5 3. e4 d6 4. Bb5+ Nd7 5. a4 a6 6. Bd3 Be7 7. Na3 Bg5 8. Nc4 Be7 9. a5 Ngf6 10. Ne2 O-O 11. Ng3 Re8 12. Nf5 Nf8 13. Qf3 Ng6 14. O-O Rb8 15. g3 Bxf5 16. Qxf5 Qd7 17. Qxd7 Nxd7 18. h4 Ngf8 19. Kg2 Rec8 20. Bg5 Bxg5 21. hxg5 b5 22. axb6 Nxb6 23. Nxd6 Rd8 24. Nf5 c4 25. Be2 Ng6 26. Rxa6 Nd7 27. Ra2 Nc5 28. f3 Rb4 29. c3 Ra4 30. Rfa1 Rda8 31. Bxc4 Rxa2 32. Rxa2 Rxa2 33. Bxa2 Na4 34. d6 Nf8 35. Ne7+ Kh8 36. Bxf7 Nxb2 37. Nc6 Na4 38. Nxe5 Nxc3 39. d7 1-0


[Site "https://www.chess.com"]

[Event "Titled Tuesday Blitz April 26 Late 2022"]
[White "Gutierrez Olivares, Daniel"]
[Black "Zhurbinsky, David"]
[WhiteFideId "2264005"]
[BlackFideId "2072904"]
[WhiteElo "2317"]
[BlackElo "2558"]
[Result "0-1"]
[Round "05"]
[TimeControl "180+1"]
[Date "2022.04.26"]
[WhiteClock "0:00:12"]
[BlackClock "0:00:12"]

1. Nf3 Nf6 2. g3 e6 3. c4 d5 4. Bg2 c5 5. O-O d4 6. e3 Nc6 7. exd4 cxd4 8. Re1 Bd6 9. a3 O-O 10. b4 a6 11. d3 e5 12. Bg5 h6 13. Bxf6 Qxf6 14. Nbd2 Bf5 15. Qb3 Bc7 16. Nh4 Bh7 17. c5 Kh8 18. a4 g5 19. Nhf3 Qg6 20. Ne4 f5 21. Nd6 Bxd6 22. cxd6 Qxd6 23. b5 axb5 24. Qxb5 Rfe8 25. Nd2 Na5 26. Rac1 Bg8 27. Rc5 Nc6 28. Bxc6 bxc6 29. Rxc6 Qd5 30. Rxh6+ Kg7 31. Qb6 Re6 32. Rxe6 Bxe6 33. Rc1 Rxa4 34. Rc7+ Kf6 35. Qb8 Ra1+ 36. Nf1 Ra8 37. Qb4 Re8 38. Qa4 Rd8 39. Qd1 Rh8 40. Qa1 Bd7 41. Qa7 Bc6 42. f3 Qxf3 43. Rf7+ Kg6 44. Rg7+ Kh6 0-1


[Site "https://www.chess.com"]

[Event "Titled Tuesday Blitz April 26 Late 2022"]
[White "Hardaway, Brewington"]
[Black "Atanejhad, Sahebali"]
[WhiteFideId "30941849"]
[BlackFideId "12506664"]
[WhiteElo "1768"]
[BlackElo "1953"]
[Result "1-0"]
[Round "05"]
[TimeControl "180+1"]
[Date "2022.04.26"]
[WhiteClock "0:00:24"]
[BlackClock "0:00:09"]

1. Nf3 Nf6 2. e3 c5 3. d4 cxd4 4. exd4 g6 5. c4 Bg7 6. Nc3 O-O 7. d5 Na6 8. Be3 d6 9. h3 Nc5 10. Be2 Nfe4 11. Nxe4 Nxe4 12. Bd4 Qa5+ 13. Kf1 e5 14. dxe6 Bxe6 15. Bxg7 Kxg7 16. Qd4+ Nf6 17. g4 h6 18. a3 Rac8 19. b4 Qb6 20. Qxb6 axb6 21. Rc1 Bxc4 22. Rxc4 Rxc4 23. Bxc4 Rc8 24. Nd2 d5 25. Bb3 Rc1+ 26. Kg2 Rc3 27. Re1 Rd3 28. Re2 b5 29. f3 Nd7 30. a4 bxa4 31. Bxa4 Nb6 32. Bc2 Rc3 33. Nb3 Nc4 34. Nd4 Ra3 35. Kf2 b6 36. Bb3 Nd6 37. Ra2 Rxb3 38. Nxb3 1-0


[Site "https://www.chess.com"]

[Event "Titled Tuesday Blitz April 26 Late 2022"]
[White "Hirneise, Jens"]
[Black "Qiao, Cindy"]
[WhiteFideId "24614734"]
[BlackFideId "2620243"]
[WhiteElo "2359"]
[BlackElo "2246"]
[Result "1-0"]
[Round "05"]
[TimeControl "180+1"]
[Date "2022.04.26"]
[WhiteClock "0:00:16"]
[BlackClock "0:00:12"]

1. e4 c5 2. Nc3 d6 3. d4 cxd4 4. Qxd4 Nc6 5. Qd2 Nf6 6. b3 e6 7. Bb2 Be7 8. O-O-O O-O 9. Kb1 a6 10. a4 Bd7 11. f4 Qb8 12. Nf3 Rd8 13. g4 b5 14. g5 Ne8 15. axb5 axb5 16. Bxb5 Nb4 17. Qd4 Bxb5 18. Qxb4 Bc6 19. Qxb8 Rdxb8 20. Nd4 Bb7 21. h4 Rc8 22. h5 Rc5 23. g6 e5 24. Nf5 Bf8 25. gxf7+ Kxf7 26. Na4 Rc6 27. fxe5 dxe5 28. Bxe5 Rac8 29. Rd7+ Ke6 30. Rxb7 Kxe5 31. Rb5+ Kxe4 32. Re1+ Kf4 33. Nd4 Rd6 34. Rf5+ Kg3 35. Rg1+ Kh4 36. Nf3+ Kh3 37. Rfg5 1-0


[Site "https://www.chess.com"]

[Event "Titled Tuesday Blitz April 26 Late 2022"]
[White "Hoffmann, Asa"]
[Black "Mickiewicz, Piotr"]
[WhiteFideId "2001470"]
[BlackFideId "1114891"]
[WhiteElo "2117"]
[BlackElo "2266"]
[Result "0-1"]
[Round "05"]
[TimeControl "180+1"]
[Date "2022.04.26"]
[WhiteClock "0:00:08"]
[BlackClock "0:00:12"]

1. d4 Nf6 2. Bg5 c5 3. d5 d6 4. Nc3 a6 5. a4 g6 6. e4 Bg7 7. f3 O-O 8. Qd2 Qa5 9. Ra3 Nbd7 10. Bh6 Bxh6 11. Qxh6 e6 12. dxe6 fxe6 13. Qd2 d5 14. Nh3 d4 15. Nb1 Qc7 16. Be2 Ne5 17. O-O Bd7 18. a5 Bb5 19. b3 Rad8 20. Bd3 c4 21. bxc4 Nxc4 22. Bxc4 Bxc4 23. Rd1 e5 24. Nf2 Nh5 25. Qb4 Nf4 26. Nd2 Bb5 27. c4 dxc3 28. Nf1 Ne2+ 29. Kh1 Rxd1 30. Nxd1 c2 31. Ra1 cxd1=Q 32. Rxd1 Kg7 33. Ne3 Nd4 34. Nd5 Qd7 35. Rc1 Bc6 36. Rc5 Rf7 37. Qb6 Bxd5 38. Rxd5 Qc6 39. h3 Qxb6 40. axb6 Nc6 41. Rc5 g5 42. Kg1 h5 43. Kf2 h4 44. Ke3 Kf6 45. Kd3 Ke6 46. Kc4 Rd7 47. Rd5 a5 48. Kc5 a4 49. Rxd7 Kxd7 50. Kc4 Kd6 51. Kc3 Kc5 52. Kb2 Kxb6 0-1


[Site "https://www.chess.com"]

[Event "Titled Tuesday Blitz April 26 Late 2022"]
[White "Ivanisevic, Ivan"]
[Black "Rasulov, Vugar"]
[WhiteFideId "912417"]
[BlackFideId "13402390"]
[WhiteElo "2495"]
[BlackElo "2560"]
[Result "1-0"]
[Round "05"]
[TimeControl "180+1"]
[Date "2022.04.26"]
[WhiteClock "0:00:11"]
[BlackClock "0:00:31"]

1. d4 Nf6 2. c4 e6 3. g3 c5 4. d5 exd5 5. cxd5 d6 6. Nc3 g6 7. Bg2 Bg7 8. Nf3 O-O 9. O-O Re8 10. Re1 a6 11. a4 Nbd7 12. Bf4 Qc7 13. Rc1 Ne4 14. Nd2 Nxc3 15. bxc3 b5 16. Ne4 Ne5 17. Bg5 Nd7 18. Bf4 Ne5 19. Qb3 Rb8 20. axb5 axb5 21. Bg5 Nd7 22. h4 h6 23. Bf4 Ne5 24. Ra1 Bf5 25. Ra6 Bxe4 26. Bxe4 Qe7 27. Rea1 g5 28. hxg5 hxg5 29. Bc1 c4 30. Qb4 Nd7 31. Bf3 Nc5 32. Ra7 Qe5 33. Bb2 Na4 34. Rc1 Qf5 35. g4 Qf4 36. Rc2 Nxb2 37. Rxb2 Qc1+ 38. Kg2 Bxc3 39. Qxd6 Qxb2 40. Qd7 Rf8 41. Qf5 Bf6 42. Be4 Rfe8 43. Qh7+ Kf8 44. Qxf7# 1-0


[Site "https://www.chess.com"]

[Event "Titled Tuesday Blitz April 26 Late 2022"]
[White "Jaferian, Koosha"]
[Black "Pichot, Alan"]
[WhiteFideId "12507440"]
[BlackFideId "110973"]
[WhiteElo "2030"]
[BlackElo "2579"]
[Result "0-1"]
[Round "05"]
[TimeControl "180+1"]
[Date "2022.04.26"]
[WhiteClock "0:00:13"]
[BlackClock "0:00:07"]

1. Nf3 Nf6 2. b3 d5 3. Bb2 Bf5 4. g3 e6 5. Bg2 h6 6. O-O a5 7. a4 Bh7 8. d3 Na6 9. Nbd2 Nb4 10. e3 Be7 11. Ne1 O-O 12. Qe2 c5 13. f4 Qe8 14. g4 b5 15. axb5 Qxb5 16. h4 Nxc2 17. Nxc2 Qxd3 18. Qxd3 Bxd3 19. g5 Ng4 20. Rfc1 Bxc2 21. Rxc2 Nxe3 22. Rcc1 Bd6 23. Nf3 Rfb8 24. Be5 Bxe5 25. Nxe5 Rxb3 26. Rxc5 hxg5 27. hxg5 a4 28. Rc7 a3 29. g6 fxg6 30. Bh3 Nf5 31. Bxf5 gxf5 32. Kh2 a2 33. Rg1 Rb2+ 34. Kh3 Ra3+ 35. Kh4 Rh2+ 36. Kg5 a1=Q 37. Rxa1 Rg3+ 0-1


[Site "https://www.chess.com"]

[Event "Titled Tuesday Blitz April 26 Late 2022"]
[White "Janik, Igor"]
[Black "Girsh, Daniel"]
[WhiteFideId "1159259"]
[BlackFideId "30949190"]
[WhiteElo "2437"]
[BlackElo "2365"]
[Result "1-0"]
[Round "05"]
[TimeControl "180+1"]
[Date "2022.04.26"]
[WhiteClock "0:00:15"]
[BlackClock "0:00:04"]

1. b3 d5 2. Bb2 Nf6 3. Nf3 Bf5 4. e3 e6 5. Be2 Be7 6. Nh4 Bg6 7. d3 c5 8. Nd2 Nc6 9. O-O O-O 10. Nxg6 hxg6 11. f4 b5 12. a4 a6 13. Bf3 Qb6 14. Qe2 Nb4 15. c3 Nc6 16. d4 cxd4 17. cxd4 Rfc8 18. Rfc1 Na5 19. axb5 axb5 20. Qd3 Bb4 21. Nf1 Qb7 22. Ng3 Rxc1+ 23. Rxc1 Rc8 24. Rxc8+ Qxc8 25. Bd1 Qc6 26. Kf2 Nb7 27. Qc2 Qd7 28. Bc3 Be7 29. Bf3 Qc6 30. Bd1 Nd6 31. Be1 Nde4+ 32. Nxe4 Nxe4+ 33. Kf1 Qd7 34. Bf3 Nd6 35. g4 g5 36. Bg3 gxf4 37. Bxf4 Qa7 38. Kg2 Qb7 39. Be2 Ne4 40. Bd3 g5 41. Bc7 Kg7 42. h3 Bf6 43. Ba5 Be7 44. Qc7 Qxc7 45. Bxc7 b4 46. Kf3 Nd2+ 47. Ke2 Nxb3 48. Bc2 Na1 49. Ba4 b3 50. Kd3 b2 51. Bc2 Nxc2 52. Kxc2 f5 53. Ba5 f4 54. Kxb2 fxe3 55. Kc2 Bf6 56. Kd3 e2 57. Bc3 e5 58. dxe5 Be7 59. Kxe2 Kg6 60. Kd3 Kf7 61. Kd4 Ke6 62. Bd2 Bd8 63. Kd3 Kxe5 64. Ke3 Bb6+ 65. Kf3 Bd8 66. Be3 d4 67. Bc1 Kd5 68. Ke2 Kc4 69. Kd1 d3 70. Be3 Kc3 71. Bc1 Kd4 72. Ke1 Ke4 73. Kf2 Ba5 74. Bxg5 d2 75. Ke2 d1=Q+ 76. Kxd1 Kf3 77. Bf6 Kg3 78. g5 Kxh3 79. g6 1-0


[Site "https://www.chess.com"]

[Event "Titled Tuesday Blitz April 26 Late 2022"]
[White "Jobava, Baadur"]
[Black "Demchenko, Anton"]
[WhiteFideId "13601520"]
[BlackFideId "4160258"]
[WhiteElo "2617"]
[BlackElo "2539"]
[Result "1-0"]
[Round "05"]
[TimeControl "180+1"]
[Date "2022.04.26"]
[WhiteClock "0:00:37"]
[BlackClock "0:00:01"]

1. b3 g6 2. Bb2 Nf6 3. c4 Bg7 4. g3 d6 5. Bg2 O-O 6. d4 Nbd7 7. Nf3 e5 8. dxe5 dxe5 9. O-O e4 10. Nd4 c6 11. Nc3 Re8 12. Qc2 Qe7 13. Rad1 h5 14. h3 Nf8 15. e3 N8h7 16. Nce2 h4 17. g4 Ng5 18. Nf4 Nd7 19. Kh1 Ne5 20. Nde2 Bh6 21. Qc3 Bg7 22. Qd4 f5 23. gxf5 Bxf5 24. Qd6 Qxd6 25. Rxd6 Rad8 26. Rxd8 Rxd8 27. Nd4 c5 28. Nxf5 gxf5 29. Nd5 Nd3 30. Ne7+ Kf7 31. Bxg7 Kxe7 32. f4 Ne6 33. Bc3 Rg8 34. Kh2 Rg3 35. Bd2 b6 36. Rg1 Rg7 37. Bf1 Rxg1 38. Kxg1 Nf8 39. Be2 Nb4 40. a3 Nc2 41. Bc1 Ne1 42. Kf2 Nd3+ 43. Bxd3 exd3 44. e4 fxe4 45. Ke3 Nd7 46. Kxe4 Nf6+ 47. Kxd3 Nh5 48. Ke4 Ke6 49. f5+ Kf6 50. Bb2+ Kf7 51. Be5 a6 52. Kf3 Ke7 53. Kg4 1-0


[Site "https://www.chess.com"]

[Event "Titled Tuesday Blitz April 26 Late 2022"]
[White "Kaganskiy, Gleb"]
[Black "Yurasova, Daria"]
[WhiteFideId "4132025"]
[BlackFideId "34146919"]
[WhiteElo "2165"]
[BlackElo "2064"]
[Result "1-0"]
[Round "05"]
[TimeControl "180+1"]
[Date "2022.04.26"]
[WhiteClock "0:01:03"]
[BlackClock "0:00:16"]

1. e4 e5 2. Nc3 Nf6 3. g3 Nc6 4. Bg2 Bc5 5. Nge2 d6 6. Na4 Bb6 7. Nxb6 axb6 8. d3 O-O 9. O-O Be6 10. f4 Bg4 11. c3 d5 12. h3 Bxe2 13. Qxe2 exf4 14. gxf4 dxe4 15. dxe4 Re8 16. Kh2 Ra4 17. b4 Qa8 18. e5 Nd7 19. Qg4 Nf8 20. a3 Ne7 21. f5 Nc6 22. Bh6 g6 23. e6 fxe6 24. Bxf8 Rxf8 25. fxg6 h6 26. Qxe6+ Kg7 27. Qd7+ Kg8 28. Qh7# 1-0


[Site "https://www.chess.com"]

[Event "Titled Tuesday Blitz April 26 Late 2022"]
[White "Kamsky, Gata"]
[Black "Stevens, Christian"]
[WhiteFideId "2000024"]
[BlackFideId "2604450"]
[WhiteElo "2645"]
[BlackElo "2557"]
[Result "0-1"]
[Round "05"]
[TimeControl "180+1"]
[Date "2022.04.26"]
[WhiteClock "0:00:03"]
[BlackClock "0:00:04"]

1. d4 Nf6 2. Nf3 d5 3. c4 dxc4 4. e3 a6 5. Bxc4 e6 6. O-O c5 7. dxc5 Qxd1 8. Rxd1 Bxc5 9. Nc3 b5 10. Be2 Bb7 11. Nd2 Nc6 12. Nb3 Be7 13. f3 O-O 14. e4 Rfd8 15. Be3 Nd7 16. Rd2 Nde5 17. Rad1 Rxd2 18. Rxd2 Rd8 19. Rxd8+ Nxd8 20. Nc5 Bc8 21. a4 Nc4 22. Bxc4 bxc4 23. e5 Nc6 24. f4 Nb4 25. N3e4 Bxc5 26. Nxc5 Nd3 27. Nxd3 cxd3 28. Kf2 Bb7 29. g3 Bc6 30. b3 Bd5 31. b4 Bc6 32. b5 axb5 33. a5 Bb7 34. Bd2 b4 35. Bxb4 f6 36. Ke3 fxe5 37. fxe5 Ba6 38. Kd4 Kf7 39. g4 Kg6 40. Bd2 h5 41. h3 hxg4 42. hxg4 Kf7 43. Kc5 Ke7 44. Kb6 Bc4 45. a6 Kd7 46. Kb7 Bd5+ 47. Kb8 Kc6 48. a7 Kc5 49. a8=Q Bxa8 50. Kxa8 Kd4 51. Kb7 Kxe5 52. Kc6 Kd4 53. Kb5 e5 54. Kb4 e4 55. Kb3 e3 56. Bc3+ Ke4 57. Kb2 Kf3 0-1


[Site "https://www.chess.com"]

[Event "Titled Tuesday Blitz April 26 Late 2022"]
[White "Kanyamarala, Trisha"]
[Black "Sailer, Mike"]
[WhiteFideId "45004722"]
[BlackFideId "2012901"]
[WhiteElo "2079"]
[BlackElo "2109"]
[Result "0-1"]
[Round "05"]
[TimeControl "180+1"]
[Date "2022.04.26"]
[WhiteClock "0:00:02"]
[BlackClock "0:00:03"]

1. c4 c6 2. Nc3 d5 3. e3 Nf6 4. Nf3 Bg4 5. Qb3 Bxf3 6. Qxb7 Bxg2 7. Bxg2 Nbd7 8. Qxc6 Rc8 9. Qa4 dxc4 10. O-O e6 11. d3 cxd3 12. Rd1 Be7 13. Rxd3 Qc7 14. Ne4 O-O 15. Nxf6+ Nxf6 16. Bd2 Rfd8 17. Rxd8+ Qxd8 18. Bc3 Qc7 19. Rd1 Bd6 20. h3 Nd5 21. Bxd5 exd5 22. Qg4 Bf8 23. Rxd5 Rd8 24. Ba5 Qc1+ 25. Kg2 Rxd5 26. Bc3 Qd1 27. Qg3 Qd3 28. h4 Qg6 0-1


[Site "https://www.chess.com"]

[Event "Titled Tuesday Blitz April 26 Late 2022"]
[White "Koellner, Ruben Gideon"]
[Black "Quesada Perez, Yuniesky"]
[WhiteFideId "12993093"]
[BlackFideId "3504409"]
[WhiteElo "2611"]
[BlackElo "2622"]
[Result "1-0"]
[Round "05"]
[TimeControl "180+1"]
[Date "2022.04.26"]
[WhiteClock "0:00:04"]
[BlackClock "0:00:03"]

1. d4 d5 2. Nf3 Nf6 3. Nbd2 Bf5 4. e3 e6 5. Bd3 Bg6 6. O-O Bd6 7. Ne5 c5 8. f4 cxd4 9. exd4 Nc6 10. Bxg6 hxg6 11. c3 Qc7 12. Ndf3 Ne4 13. Be3 Ne7 14. Qa4+ Kf8 15. Qd7 Rc8 16. Qxc7 Rxc7 17. Rfe1 f6 18. Nd3 Nf5 19. Rad1 Kf7 20. Nd2 Nxd2 21. Bxd2 g5 22. h3 gxf4 23. Bxf4 b6 24. Bxd6 Nxd6 25. Re2 Ne4 26. Nf2 Ng3 27. Re3 Nf5 28. Re2 g5 29. Ng4 Rc6 30. Rf1 b5 31. a3 a5 32. Ref2 Kg6 33. Re1 Rf8 34. Ne3 Nd6 35. Ng4 Nf5 36. Ne3 Nxe3 37. Rxe3 b4 38. axb4 axb4 39. Rff3 Rfc8 40. Kh2 f5 41. Rd3 f4 42. g3 Kf5 43. h4 Rh8 44. Kg2 Kg6 45. hxg5 fxg3 46. Rxg3 b3 47. Rdf3 Ra8 48. Rf6+ Kg7 49. Rf2 Ra2 50. g6 Rc7 51. Re3 Re7 52. Rg3 Rc7 53. Re2 Re7 54. Kf2 Rc7 55. Ke3 Re7 56. Kd3 Ra1 57. Rge3 Rd1+ 58. Rd2 Rb1 59. Rde2 Rd1+ 60. Rd2 Rb1 61. Rg2 Rd1+ 62. Ke2 Rb1 63. Kf3 Rf1+ 64. Kg3 Re8 65. Rge2 Kxg6 66. Rxe6+ Rxe6 67. Rxe6+ Kf7 68. Rb6 1-0


[Site "https://www.chess.com"]

[Event "Titled Tuesday Blitz April 26 Late 2022"]
[White "Kollars, Dmitrij"]
[Black "Nakamura, Hikaru"]
[WhiteFideId "12909572"]
[BlackFideId "2016192"]
[WhiteElo "2584"]
[BlackElo "2850"]
[Result "0-1"]
[Round "05"]
[TimeControl "180+1"]
[Date "2022.04.26"]
[WhiteClock "0:00:01"]
[BlackClock "0:00:05"]

1. e4 c5 2. c3 d5 3. exd5 Qxd5 4. d4 e6 5. Nf3 Nf6 6. Na3 cxd4 7. Nb5 Qd8 8. Qxd4 Bd7 9. Bf4 Nc6 10. Nd6+ Bxd6 11. Qxd6 Qe7 12. Qxe7+ Kxe7 13. O-O-O Rhc8 14. Bd6+ Ke8 15. Bd3 Ne7 16. Ne5 Ba4 17. b3 Bc6 18. Nxc6 Nxc6 19. Kb2 Rd8 20. Bg3 Ke7 21. a4 h6 22. h3 Rd7 23. Bc2 Rad8 24. Kc1 Nd5 25. Kb2 Nf6 26. Rxd7+ Rxd7 27. Kc1 Nd5 28. Kb2 Nf6 29. Kc1 Rd8 30. Rd1 Rc8 31. Kb2 Nd5 32. Be4 Nf6 33. Bd6+ Ke8 34. Bf3 Nd7 35. b4 b6 36. Kb3 g6 37. Bf4 g5 38. Be3 Ne7 39. Be4 f5 40. Bd3 Nd5 41. Bd2 Kf7 42. Ba6 Rc7 43. c4 Ne7 44. Bc3 Ng6 45. Bb5 Ke7 46. g3 Nb8 47. a5 bxa5 48. bxa5 a6 49. Bb4+ Kf7 50. Ba4 Ne5 51. Bd6 Rb7+ 52. Kc3 Nbc6 53. Re1 Nxc4 54. Bxc6 Nxd6 55. Bxb7 Nxb7 56. Kb4 Ke7 57. Rc1 Kd7 58. f4 gxf4 59. gxf4 Kd6 60. Rc8 e5 61. fxe5+ Kxe5 62. Rc7 Nd6 63. Re7+ Kd5 64. Ra7 f4 65. Rxa6 f3 66. Ra8 Nf5 67. Rd8+ Ke4 68. Rd2 Ke3 69. Rd1 f2 70. a6 Ne7 71. Kc5 Nc8 0-1


[Site "https://www.chess.com"]

[Event "Titled Tuesday Blitz April 26 Late 2022"]
[White "Krstulovic, Alex"]
[Black "Fiorito, Fabian"]
[WhiteFideId "760056"]
[BlackFideId "100200"]
[WhiteElo "2193"]
[BlackElo "2395"]
[Result "0-1"]
[Round "05"]
[TimeControl "180+1"]
[Date "2022.04.26"]
[WhiteClock "0:00:20"]
[BlackClock "0:00:15"]

1. e4 c5 2. Nc3 Nc6 3. g3 g6 4. Bg2 Bg7 5. d3 d6 6. f4 Nf6 7. Nf3 O-O 8. O-O Rb8 9. h3 b5 10. g4 b4 11. Ne2 Ba6 12. a3 b3 13. c3 c4 14. Nfd4 Nxd4 15. Nxd4 cxd3 16. Be3 Qc7 17. g5 Nd7 18. f5 Rfc8 19. fxg6 hxg6 20. Rf2 Ne5 21. h4 Nc4 22. Qxd3 e5 23. Nf3 Qa5 24. Nh2 Nxb2 25. Qxd6 Nc4 26. Qd7 Rc7 27. Qh3 Nxe3 28. Qxe3 b2 29. Rb1 Bf8 30. Rfxb2 Rxb2 31. Rxb2 Bc5 0-1


[Site "https://www.chess.com"]

[Event "Titled Tuesday Blitz April 26 Late 2022"]
[White "Lashkin, Jegor"]
[Black "Zor, Alber Kadir"]
[WhiteFideId "13907808"]
[BlackFideId "6353169"]
[WhiteElo "2368"]
[BlackElo "1966"]
[Result "1-0"]
[Round "05"]
[TimeControl "180+1"]
[Date "2022.04.26"]
[WhiteClock "0:01:39"]
[BlackClock "0:02:23"]

1. d4 Nf6 2. c4 g6 3. Nc3 d5 4. Nf3 Bg7 5. h3 O-O 6. cxd5 Nxd5 7. e4 Nxc3 8. bxc3 c5 9. Be3 Qa5 10. Bd2 Rd8 11. Rc1 Qa3 12. d5 Qxa2 13. Ra1 Qb2 14. Rb1 Qa2 15. c4 Na6 16. Be2 Nb4 17. O-O a5 18. h4 Bg4 1-0


[Site "https://www.chess.com"]

[Event "Titled Tuesday Blitz April 26 Late 2022"]
[White "Leitao, Rafael"]
[Black "Vujic, Mihailo"]
[WhiteFideId "2101246"]
[BlackFideId "918873"]
[WhiteElo "2609"]
[BlackElo "2256"]
[Result "1-0"]
[Round "05"]
[TimeControl "180+1"]
[Date "2022.04.26"]
[WhiteClock "0:00:29"]
[BlackClock "0:00:03"]

1. e4 e5 2. Nf3 Nc6 3. Bc4 Nf6 4. d3 Be7 5. O-O O-O 6. Re1 d6 7. a4 Kh8 8. Nc3 h6 9. h3 Nh7 10. Nd5 f5 11. exf5 Bxf5 12. Nxe7 Qxe7 13. d4 e4 14. Nh2 Rae8 15. Be3 Qh4 16. Bf1 d5 17. Kh1 Ne7 18. Qd2 c6 19. b3 Ng6 20. c4 Be6 21. Rac1 Qf6 22. Be2 Nh4 23. Bf1 Ng5 24. cxd5 cxd5 25. Qe2 Kh7 26. Qh5 Nf5 27. Ng4 Qg6 28. Qxg6+ Kxg6 29. Ne5+ Kh7 30. Rc7 Nd6 31. Rec1 Ngf7 32. Be2 Rc8 33. Bh5 Rxc7 34. Rxc7 1-0


[Site "https://www.chess.com"]

[Event "Titled Tuesday Blitz April 26 Late 2022"]
[White "Li, Ben"]
[Black "Sadovsky, Artem"]
[WhiteFideId "2089980"]
[BlackFideId "4155840"]
[WhiteElo "2267"]
[BlackElo "2314"]
[Result "1-0"]
[Round "05"]
[TimeControl "180+1"]
[Date "2022.04.26"]
[WhiteClock "0:00:15"]
[BlackClock "0:00:01"]

1. d4 g6 2. e4 Bg7 3. c4 d6 4. Nc3 e5 5. d5 f5 6. exf5 gxf5 7. Qh5+ Kf8 8. Bd3 Nf6 9. Qh4 Na6 10. Nge2 Nc5 11. Bc2 a5 12. Bg5 h6 13. Be3 b6 14. Ng3 f4 15. Bxc5 fxg3 16. Be3 gxh2 17. O-O-O Bd7 18. f3 Qe7 19. Qxh2 Kf7 20. g4 Raf8 21. Rhg1 Ke8 22. Bf2 Kd8 23. Bh4 Kc8 24. Kb1 Qf7 25. Qe2 Kb7 26. a3 Nh7 27. Rgf1 Bf6 28. Bf2 Ng5 29. Be3 Bd8 30. b4 axb4 31. axb4 Qe7 32. Kb2 h5 33. Ra1 Bc8 34. c5 Kb8 35. Qb5 dxc5 36. bxc5 1-0


[Site "https://www.chess.com"]

[Event "Titled Tuesday Blitz April 26 Late 2022"]
[White "Licznerski, Lukasz"]
[Black "Bas Mas, Jose Joaquin"]
[WhiteFideId "1179250"]
[BlackFideId "22219064"]
[WhiteElo "2422"]
[BlackElo "2212"]
[Result "0-1"]
[Round "05"]
[TimeControl "180+1"]
[Date "2022.04.26"]
[WhiteClock "0:00:03"]
[BlackClock "0:00:14"]

1. e4 c5 2. Nf3 e6 3. d4 cxd4 4. Nxd4 a6 5. Bd3 Nc6 6. Nxc6 bxc6 7. O-O d5 8. Qe2 Nf6 9. e5 Nd7 10. c4 Nc5 11. Bc2 Be7 12. Nd2 a5 13. f4 g6 14. a4 Ba6 15. b3 Rb8 16. Rb1 O-O 17. g4 Qb6 18. Kh1 f6 19. exf6 Bxf6 20. Nf3 Rfe8 21. Be3 Rbd8 22. Qf2 Be7 23. Ne5 Bb7 24. Nd3 Nxd3 25. Bxb6 Nxf2+ 26. Rxf2 Ra8 27. Re1 Bd6 28. Rfe2 Bxf4 29. Rxe6 Rxe6 30. Rxe6 Kf7 31. Re1 Ra6 32. c5 Ra8 33. Rf1 g5 34. Bc7 Re8 35. Bxf4 gxf4 36. Bxh7 Kg7 37. Bf5 Re3 38. Rxf4 Rxb3 39. g5 Rb4 0-1


[Site "https://www.chess.com"]

[Event "Titled Tuesday Blitz April 26 Late 2022"]
[White "Lin, Dachey"]
[Black "Caruana, Fabiano"]
[WhiteFideId "2029650"]
[BlackFideId "2020009"]
[WhiteElo "2313"]
[BlackElo "2744"]
[Result "0-1"]
[Round "05"]
[TimeControl "180+1"]
[Date "2022.04.26"]
[WhiteClock "0:00:01"]
[BlackClock "0:00:42"]

1. Nc3 Nf6 2. e4 e5 3. f4 d5 4. fxe5 Nxe4 5. Qf3 Nxc3 6. dxc3 Be6 7. Bf4 Qd7 8. Bd3 Nc6 9. Ne2 O-O-O 10. O-O-O Bc5 11. Qg3 h6 12. h4 a6 13. h5 Kb8 14. Kb1 Rdg8 15. Be3 Bxe3 16. Qxe3 Re8 17. Nd4 Bg4 18. Rde1 Nxe5 19. Qg3 f6 20. Be2 Bxe2 21. Rxe2 Nc4 22. Rf2 Re5 23. Nf3 Re4 24. Rd1 Rhe8 25. Qg6 Ne3 26. Rd3 Rg4 27. Qh7 Nxg2 28. b3 Nf4 29. Rd4 Qc6 30. Kb2 Re3 31. c4 Qc5 32. Qg8+ Ka7 33. c3 Rxf3 34. Rxf3 Rg2+ 35. Kb1 Qa3 0-1


[Site "https://www.chess.com"]

[Event "Titled Tuesday Blitz April 26 Late 2022"]
[White "Lopez Del Alamo, Antonio"]
[Black "Gomez Dieguez, David"]
[WhiteFideId "2227339"]
[BlackFideId "22223630"]
[WhiteElo "2082"]
[BlackElo "2115"]
[Result "1-0"]
[Round "05"]
[TimeControl "180+1"]
[Date "2022.04.26"]
[WhiteClock "0:00:14"]
[BlackClock "0:00:01"]

1. e4 c6 2. d4 d5 3. Nc3 dxe4 4. Nxe4 Bf5 5. Ng3 Bg6 6. h4 h6 7. Nf3 Nd7 8. Bd3 Bxd3 9. Qxd3 e6 10. Bd2 Ngf6 11. O-O-O Be7 12. c4 b5 13. Bc3 bxc4 14. Qxc4 O-O 15. Ne5 Nxe5 16. dxe5 Nd5 17. Ne4 Qb6 18. Rd2 Rab8 19. g3 Qb5 20. Qxb5 cxb5 21. Bd4 Rfc8+ 22. Kb1 a5 23. Rc1 Rc4 24. Rxc4 bxc4 25. Rc2 Rb4 26. a3 Ra4 27. Nd2 c3 28. Bxc3 Nxc3+ 29. Rxc3 Rd4 30. Kc2 g5 31. hxg5 hxg5 32. Rd3 Rg4 33. Rd7 Kf8 34. Kd3 Bc5 35. Ne4 Bb6 36. Rb7 Bxf2 37. Nxf2 Rxg3+ 38. Ke2 g4 39. Rb5 a4 40. Rb4 Rg2 41. Rxg4 Rh2 42. Rxa4 Rh5 43. Re4 Ke7 44. a4 Kd7 45. a5 Kc6 46. b4 Kb5 47. Re3 Rh4 48. Ra3 Rh8 49. Nd3 Ra8 50. Ke3 Kc4 51. a6 Ra7 52. Ke4 Rd7 53. Ke3 Ra7 54. Ra5 Kc3 55. b5 Kc4 56. b6 Kc3 57. bxa7 1-0


[Site "https://www.chess.com"]

[Event "Titled Tuesday Blitz April 26 Late 2022"]
[White "Maghsoodloo, Parham"]
[Black "Siddharth, Jagadeesh"]
[WhiteFideId "12539929"]
[BlackFideId "5818320"]
[WhiteElo "2630"]
[BlackElo "2127"]
[Result "1/2-1/2"]
[Round "05"]
[TimeControl "180+1"]
[Date "2022.04.26"]
[WhiteClock "0:00:09"]
[BlackClock "0:00:10"]

1. d4 d5 2. c4 e6 3. Nf3 Nf6 4. g3 Be7 5. Bg2 O-O 6. O-O dxc4 7. Qc2 a6 8. a4 Bd7 9. Rd1 Bc6 10. Bg5 b5 11. Nbd2 h6 12. Bxf6 Bxf6 13. b3 cxb3 14. Nxb3 bxa4 15. Nc5 Bxf3 16. Bxf3 c6 17. Rxa4 Ra7 18. Rb1 Nd7 19. Nb7 Qc7 20. Qxc6 Qxc6 21. Bxc6 Rb8 22. e3 e5 23. dxe5 Nxe5 24. Bd5 Nd3 25. Rb3 Nc1 26. Bxf7+ Kh8 27. Rb6 Rbxb7 28. Rxb7 Rxb7 29. Bc4 Ra7 30. Kf1 a5 31. f4 Bc3 32. e4 Rd7 33. Bd5 Bb4 34. Ra1 Nd3 35. Ra2 Nc5 36. Ke2 Na6 37. Bc4 Nc5 38. Bd5 Na6 39. h4 Nc7 40. Bc6 Rd6 41. Ba4 Ne6 42. e5 Rd4 43. Bb3 Nc5 44. Bf7 Rd3 45. h5 Rxg3 46. Ra1 Rc3 47. Rd1 Rc2+ 48. Kf3 Rd2 49. Rc1 Rd3+ 50. Kg4 Rd7 51. Bg6 Re7 52. Rd1 Rd7 53. Rc1 Rd8 54. Rb1 Nd3 55. Kf3 Nc5 56. Rg1 Kg8 57. Bf5 Kf8 58. Rg6 a4 59. Rb6 a3 60. Bb1 Bc3 61. Rc6 Na4 62. Ba2 Bd4 63. Rc7 Nc3 64. Bc4 a2 65. Rf7+ Ke8 66. Bxa2 Nxa2 67. Rxg7 Rd7 68. Rg6 Nc3 69. e6 Rc7 70. f5 Nd5 71. Ke4 Nf6+ 72. Kxd4 Ke7 73. Rg7+ Kd6 74. Rg6 Ne8 75. Rxh6 Ke7 76. Rh7+ Kf6 77. Rxc7 Nxc7 78. Ke4 Nxe6 79. fxe6 Kxe6 80. Kf4 Kf6 81. Kg4 Kg7 82. Kg5 Kh7 83. h6 Kh8 84. Kg6 Kg8 85. h7+ Kh8 86. Kh6 1/2-1/2


[Site "https://www.chess.com"]